AoeStats
← ogipochi_

Socotra

505802189Analyzed
4v4 RM · 23d ago on Sep 11, 2026· 27m 44s· 8 players
Game mode
Random Map
Map size
148×148
Population
200
Speed
Normal
Resources
Standard
Victory
Conquest
Starting age
Dark Age
Ending age
Imperial Age
RankedLock teamsTeams togetherTeam positionsShared explorationLock speedFull tech treeHidden civsTurbo modeCheats
Victory
Defeat
🇺🇸 Armenians · United States
716
+15
🇺🇸 Spanish · United States
670
+17
🇺🇸 Goths · United States
658
+18
🇺🇸 Persians · United States
632
+19
🇯🇵 Khitans · Japan
716
-18
🇦🇺 Goths · Australia
715
-18
🇨🇱 Burmese · Chile
680
-17
🇺🇸 Dravidians · United States
672
-16
darkwolf
3:25 Loom
12:30 Feudal Age
14:14 Wheelbarrow
13:32 Double-Bit Axe
14:42 Man-at-Arms
17:08 Fletching
20:34 Forging
24:08 Castle Age
24:02 Gold Mining
24:03 Stone Mining
24:16 Crossbowman
24:56 Bodkin Arrow
25:25 Long Swordsman
vickshick
8:18 Loom
10:04 Feudal Age
16:14 Castle Age
19:48 Horse Collar
22:24 Bloodlines
22:14 Husbandry
22:28 Forging
22:23 Scale Barding Armor
22:25 Heavy Plow
25:08 Double-Bit Axe
kingfisher1108
11:05 Feudal Age
12:14 Double-Bit Axe
12:16 Horse Collar
21:19 Bloodlines
27:20 Castle Age
26:47 Scale Barding Armor
26:53 Forging
26:43 Scale Mail Armor
.RamroD.
6:45 Loom
11:59 Feudal Age
12:46 Man-at-Arms
14:33 Long Swordsman
14:59 Arson
15:30 Pikeman
23:13 Horse Collar
24:52 Forging
24:43 Scale Mail Armor
26:01 Double-Bit Axe
ogipochi_
4:50 Loom
9:44 Loom
11:33 Feudal Age
12:39 Double-Bit Axe
13:45 Wheelbarrow
13:23 Gold Mining
14:12 Man-at-Arms
14:40 Arson
15:15 Forging
15:06 Scale Mail Armor
15:53 Domestication
Art
5:12 Loom
11:28 Feudal Age
12:26 Double-Bit Axe
13:05 Horse Collar
Good Knight
9:44 Feudal Age
11:12 Wheelbarrow
10:23 Town Watch
10:38 Double-Bit Axe
11:58 Town Watch
12:00 Loom
12:53 Horse Collar
19:25 Stone Mining
19:28 Man-at-Arms
24:39 Castle Age
25:34 Forging
25:32 Long Swordsman
26:18 Squires
セバスティアン
7:13 Loom
10:16 Feudal Age
18:05 Castle Age
17:21 Horse Collar
Connection lost

Rejoining the realm…

Still unreachable

The connection could not be restored.

Session expired

The server has moved on; the page needs a fresh start.